TOP OF THE 1ST |
El Paso Texans batting - Pitching for Beaverton Bronze Souls : RHP Juan Martínez
|
Pitching: RHP Juan Martínez
|
|
Batting: SHB António Cervantes
|
0-0: Called Strike 0-1: Ball 1-1: Ball 2-1: Foul Ball, location: 2F 2-2: Foul Ball, location: 2F 2-2: Ball 3-2: DOUBLE (Line Drive, 7LM)
|
Batting: LHB António Fonseca
|
0-0: Ball 1-0: SINGLE (Line Drive, 6MD) António Cervantes to third Runner from 3rd tries for Home, SAFE, no throw
|
Batting: LHB Cipriano Rangel
|
0-0: Called Strike 0-1: Ball 1-1: Called Strike 1-2: Ball 2-2: SINGLE (Line Drive, 8RS) António Fonseca to second
|
Batting: LHB Gus Price
|
0-0: Called Strike 0-1: Foul Ball, location: 2F 0-2: Strikes out swinging
|
Batting: RHB Kereje Zuka
|
0-0: Swinging Strike 0-1: Reached on error, E1 (Groundball, P) António Fonseca to third Cipriano Rangel to second
|
Batting: RHB Chris Smith
|
0-0: Grounds into double play, 5-4-3 (Groundball, 5)
|
Top of the 1st over - 1 run, 3 hits, 1 error, 2 left on base; El Paso 1 - Beaverton 0 |
BOTTOM OF THE 1ST |
Beaverton Bronze Souls batting - Pitching for El Paso Texans : RHP Patrick Bland
|
Pitching: RHP Patrick Bland
|
|
Batting: LHB Cisco Gallegos
|
0-0: Ball 1-0: SINGLE (Groundball, 56S) (infield hit)
|
Batting: LHB José Guillén
|
0-0: Ball 1-0: Ball 2-0: SINGLE (Groundball, 6D) Cisco Gallegos to second
|
Batting: RHB Júlio Rodríguez
|
0-0: Foul Ball, location: 2F 0-1: Foul Ball, location: 2F 0-2: Foul Ball, location: 2F 0-2: Ball 1-2: Foul Ball, location: 2F 1-2: Strikes out swinging
|
Batting: RHB Steve Smith
|
0-0: Ball 1-0: Called Strike 1-1: Ball 2-1: Called Strike 2-2: Fly out, F8 (Line Drive, 8LD)
|
Batting: RHB Dan Cross
|
0-0: SINGLE (Flyball, 7LM) Cisco Gallegos to third José Guillén to second Runner from 3rd tries for Home, SAFE, throw made home
|
Batting: SHB Alberto Sandoval
|
0-0: Ball 1-0: Foul Ball, location: 2F 1-1: Called Strike 1-2: Strikes out swinging
|
Bottom of the 1st over - 1 run, 3 hits, 0 errors, 2 left on base; El Paso 1 - Beaverton 1 |
TOP OF THE 2ND |
El Paso Texans batting - Pitching for Beaverton Bronze Souls : RHP Juan Martínez
|
Batting: RHB Manny Holguín
|
0-0: Ball 1-0: Called Strike 1-1: Called Strike 1-2: Ball 2-2: SOLO HOME RUN (Flyball, 9LD), Distance : 348 ft
|
Batting: LHB Roberto Martínez
|
0-0: Ball 1-0: Reached on error, E3 (Groundball, 34S)
|
Batting: RHB Stephen Black
|
0-0: Fly out, F9 (Flyball, 9)
|
Batting: SHB António Cervantes
|
0-0: Ball 1-0: Foul Ball, location: 2F 1-1: Ball 2-1: Ball 3-1: Base on Balls Roberto Martínez to second
|
Batting: LHB António Fonseca
|
0-0: Ball 1-0: Swinging Strike 1-1: Called Strike 1-2: Fly out, F8 (Line Drive, 8LM)
|
Batting: LHB Cipriano Rangel
|
0-0: Called Strike 0-1: Ball 1-1: Foul Ball, location: 2F 1-2: Strikes out swinging
|
Top of the 2nd over - 1 run, 1 hit, 1 error, 2 left on base; El Paso 2 - Beaverton 1 |
BOTTOM OF THE 2ND |
Beaverton Bronze Souls batting - Pitching for El Paso Texans : RHP Patrick Bland
|
Batting: LHB Manuel Félix
|
0-0: Called Strike 0-1: Swinging Strike 0-2: Strikes out looking
|
Batting: LHB Chris White
|
0-0: Ball 1-0: Ball 2-0: Called Strike 2-1: Ball 3-1: Base on Balls
|
Batting: RHB Bert Larson
|
0-0: Foul Ball, location: 2F 0-1: Ball 1-1: Ball 2-1: Fly out, F4 (Popup, 4M)
|
Batting: LHB Cisco Gallegos
|
0-0: Ball Chris White steals 2nd base 1-0: Called Strike 1-1: Called Strike 1-2: SINGLE (Groundball, 6MS) (infield hit) Chris White to third
|
Batting: LHB José Guillén
|
0-0: Ball 1-0: Ball 2-0: Called Strike 2-1: Ground out 5-3 (Groundball, 25)
|
Bottom of the 2nd over - 0 runs, 1 hit, 0 errors, 2 left on base; El Paso 2 - Beaverton 1 |
TOP OF THE 3RD |
El Paso Texans batting - Pitching for Beaverton Bronze Souls : RHP Juan Martínez
|
Batting: LHB Gus Price
|
0-0: Ball 1-0: Swinging Strike 1-1: Ball 2-1: Ball 3-1: Base on Balls
|
Batting: RHB Kereje Zuka
|
0-0: Ball 1-0: Foul Ball, location: 2F 1-1: Foul Ball, location: 2F 1-2: SINGLE (Line Drive, 56D) Gus Price to second Runner from 2nd tries for 3rd, SAFE, throw made to third
|
Batting: RHB Chris Smith
|
0-0: Ball 1-0: SINGLE (Groundball, 4D) Gus Price scores Kereje Zuka to second Runner from 2nd tries for 3rd, SAFE, no throw
|
Batting: RHB Manny Holguín
|
0-0: Ball 1-0: Fielders Choice at 2nd, 6-4 (Groundball, 56) Kereje Zuka scores
|
Batting: LHB Roberto Martínez
|
0-0: Called Strike 0-1: Swinging Strike 0-2: Ball 1-2: Strikes out swinging
|
Batting: RHB Stephen Black
|
0-0: Ball Manny Holguín steals 2nd base 1-0: Foul Ball, location: 2F 1-1: Ball 2-1: Ball 3-1: Base on Balls
|
Batting: SHB António Cervantes
|
0-0: Fly out, F8 (Flyball, 8RD)
|
Top of the 3rd over - 2 runs, 2 hits, 0 errors, 2 left on base; El Paso 4 - Beaverton 1 |
BOTTOM OF THE 3RD |
Beaverton Bronze Souls batting - Pitching for El Paso Texans : RHP Patrick Bland
|
Batting: RHB Júlio Rodríguez
|
0-0: Ball 1-0: Ball 2-0: Ball 3-0: Ground out 6-3 (Groundball, 6)
|
Batting: RHB Steve Smith
|
0-0: Ball 1-0: Ball 2-0: Called Strike 2-1: Foul Ball, location: 2F 2-2: Foul Ball, location: 2F 2-2: Ball 3-2: Base on Balls
|
Batting: RHB Dan Cross
|
0-0: Ball 1-0: Fielders Choice at 2nd, 6-4 (Groundball, 6)
|
Batting: SHB Alberto Sandoval
|
0-0: Ball 1-0: SINGLE (Groundball, 6D) Dan Cross to second
|
Batting: LHB Manuel Félix
|
0-0: Ball 1-0: Ball 2-0: Ball 3-0: Called Strike 3-1: Ground out 4-3 (Groundball, 4)
|
Bottom of the 3rd over - 0 runs, 1 hit, 0 errors, 2 left on base; El Paso 4 - Beaverton 1 |
TOP OF THE 4TH |
El Paso Texans batting - Pitching for Beaverton Bronze Souls : RHP Juan Martínez
|
Batting: LHB António Fonseca
|
0-0: Swinging Strike 0-1: Ground out 5-3 (Groundball, 5)
|
Batting: LHB Cipriano Rangel
|
0-0: Ball 1-0: Ball 2-0: Ball 3-0: Called Strike 3-1: Ground out 5-3 (Groundball, 5)
|
Batting: LHB Gus Price
|
0-0: Foul Ball, location: 2F 0-1: Foul Ball, location: 2F 0-2: Ball 1-2: Strikes out swinging
|
Top of the 4th over - 0 runs, 0 hits, 0 errors, 0 left on base; El Paso 4 - Beaverton 1 |
BOTTOM OF THE 4TH |
Beaverton Bronze Souls batting - Pitching for El Paso Texans : RHP Patrick Bland
|
Batting: LHB Chris White
|
0-0: Ball 1-0: Ball 2-0: Called Strike 2-1: DOUBLE (Line Drive, 9LM)
|
Batting: RHB Bert Larson
|
0-0: Called Strike 0-1: Ball 1-1: Ball 2-1: Called Strike 2-2: Ball 3-2: Foul Ball, location: 2F 3-2: Foul Ball, location: 2F 3-2: Fly out, F7 (Flyball, 7LM)
|
Batting: LHB Cisco Gallegos
|
0-0: Ball 1-0: Ball 2-0: Foul Ball, location: 2F 2-1: SINGLE (Groundball, 34D) Chris White to third Runner from 3rd tries for Home, SAFE, no throw
|
Batting: LHB José Guillén
|
0-0: Called Strike 0-1: Called Strike 0-2: Ball 1-2: SINGLE (Groundball, 3D) Cisco Gallegos to second Runner from 2nd tries for 3rd, SAFE, no throw
|
Batting: RHB Júlio Rodríguez
|
0-0: Called Strike José Guillén is caught stealing 2nd base 0-1: Ball 1-1: Foul Ball, location: 2F 1-2: SINGLE (Flyball, 8LS) Cisco Gallegos scores
|
Batting: RHB Steve Smith
|
0-0: Swinging Strike 0-1: Swinging Strike 0-2: Foul Ball, location: 2F 0-2: Ball 1-2: Strikes out swinging
|
Bottom of the 4th over - 2 runs, 4 hits, 0 errors, 1 left on base; El Paso 4 - Beaverton 3 |
TOP OF THE 5TH |
El Paso Texans batting - Pitching for Beaverton Bronze Souls : RHP Juan Martínez
|
Batting: RHB Kereje Zuka
|
0-0: Called Strike 0-1: Called Strike 0-2: Ball 1-2: Ball 2-2: Strikes out looking
|
Batting: RHB Chris Smith
|
0-0: Ground out 5-3 (Groundball, 56S)
|
Batting: RHB Manny Holguín
|
0-0: Foul Ball, location: 2F 0-1: Ball 1-1: Swinging Strike 1-2: Ground out U3 (Groundball, 34S)
|
Top of the 5th over - 0 runs, 0 hits, 0 errors, 0 left on base; El Paso 4 - Beaverton 3 |
BOTTOM OF THE 5TH |
Beaverton Bronze Souls batting - Pitching for El Paso Texans : RHP Patrick Bland
|
Pitching: RHP Oscar Martin
|
|
Batting: RHB Dan Cross
|
0-0: Called Strike 0-1: Ball 1-1: Ball 2-1: Ball 3-1: Base on Balls
|
Batting: SHB Alberto Sandoval
|
0-0: Ball 1-0: Ball 2-0: Called Strike 2-1: Foul Ball, location: 2F 2-2: Ground out 3-1 (Groundball, 23) Dan Cross to second
|
Batting: LHB Manuel Félix
|
0-0: Foul Ball, location: 2F 0-1: Ball 1-1: Foul Ball, location: 2F 1-2: Ball 2-2: Foul Ball, location: 2F 2-2: Strikes out swinging
|
Batting: LHB Chris White
|
0-0: Ball 1-0: Ball 2-0: Ball 3-0: Base on Balls
|
Batting: RHB Bert Larson
|
0-0: Ball 1-0: Foul Ball, location: 2F 1-1: Called Strike 1-2: Ball Wild Pitch! Dan Cross to third Chris White to second 2-2: Ball 3-2: Foul Ball, location: 2F 3-2: Base on Balls
|
Batting: LHB Cisco Gallegos
|
0-0: Fielders Choice at 2nd, 6-4 (Groundball, 6)
|
Bottom of the 5th over - 0 runs, 0 hits, 0 errors, 3 left on base; El Paso 4 - Beaverton 3 |
TOP OF THE 6TH |
El Paso Texans batting - Pitching for Beaverton Bronze Souls : RHP Juan Martínez
|
Batting: LHB Roberto Martínez
|
0-0: Called Strike 0-1: Foul Ball, location: 2F 0-2: Foul Ball, location: 2F 0-2: Ball 1-2: Ball 2-2: Ball 3-2: Ground out 6-3 (Groundball, 6M)
|
Batting: RHB Stephen Black
|
0-0: Called Strike 0-1: Ball 1-1: Swinging Strike 1-2: Foul Ball, location: 2F 1-2: Strikes out swinging
|
Batting: SHB António Cervantes
|
0-0: Ground out 4-3 (Groundball, 4)
|
Top of the 6th over - 0 runs, 0 hits, 0 errors, 0 left on base; El Paso 4 - Beaverton 3 |
BOTTOM OF THE 6TH |
Beaverton Bronze Souls batting - Pitching for El Paso Texans : RHP Oscar Martin
|
Batting: LHB José Guillén
|
0-0: Called Strike 0-1: TRIPLE (Line Drive, 8LXD)
|
Batting: RHB Júlio Rodríguez
|
0-0: Ball 1-0: Ball 2-0: Ball 3-0: Base on Balls
|
Batting: RHB Steve Smith
|
0-0: Ball 1-0: Called Strike 1-1: Ball 2-1: Grounds into double play, 6-4-3 (Groundball, 56) José Guillén scores
|
Batting: RHB Dan Cross
|
0-0: Foul Ball, location: 2F 0-1: Called Strike 0-2: Ball 1-2: Ball 2-2: Ground out 6-3 (Groundball, 6M)
|
Bottom of the 6th over - 1 run, 1 hit, 0 errors, 0 left on base; El Paso 4 - Beaverton 4 |
TOP OF THE 7TH |
El Paso Texans batting - Pitching for Beaverton Bronze Souls : RHP Juan Martínez
|
Batting: LHB António Fonseca
|
0-0: Ball 1-0: SINGLE (Line Drive, 6MD)
|
Pitching: LHP Pedro Echevarría
|
|
Pinch Hitting: SHB Oliver Riley
|
0-0: Ball 1-0: SINGLE (Groundball, 56D) António Fonseca to second
|
Pinch Hitting: RHB Rafael Crus
|
0-0: Ball Wild Pitch! António Fonseca to third Oliver Riley to second 1-0: Intentional Walk
|
Pinch Hitting: RHB Domingo Morales
|
0-0: Ball 1-0: Called Strike 1-1: Grounds into fielders choice 6-2 (Groundball, 6) Oliver Riley to third Rafael Crus to second
|
Batting: RHB Chris Smith
|
0-0: Ball 1-0: Foul Ball, location: 2F 1-1: Fly out, F4 (Popup, 34)
|
Batting: RHB Manny Holguín
|
0-0: Hit by Pitch Oliver Riley scores Rafael Crus to third Domingo Morales to second
|
Batting: LHB Roberto Martínez
|
0-0: Fly out, F9 (Flyball, 9S)
|
Top of the 7th over - 1 run, 2 hits, 0 errors, 3 left on base; El Paso 5 - Beaverton 4 |
BOTTOM OF THE 7TH |
Beaverton Bronze Souls batting - Pitching for El Paso Texans : RHP Oscar Martin
|
Now at 1B: Oliver Riley
|
|
Now at SS: Domingo Morales
|
|
Now in LF: Rafael Crus
|
|
Batting: SHB Alberto Sandoval
|
0-0: SINGLE (Groundball, 34D)
|
Batting: LHB Manuel Félix
|
0-0: Ball 1-0: Called Strike 1-1: Foul Ball, location: 2F 1-2: Ball 2-2: SINGLE (Line Drive, 6D) Alberto Sandoval to second
|
Batting: LHB Chris White
|
0-0: Called Strike 0-1: Swinging Strike 0-2: Foul Ball, location: 2F 0-2: Foul Ball, location: 2F 0-2: Ball 1-2: Ball 2-2: Strikes out swinging
|
Batting: RHB Bert Larson
|
0-0: Swinging Strike 0-1: Ball 1-1: Ball 2-1: SINGLE (Groundball, 56D) Alberto Sandoval to third Manuel Félix to second Runner from 3rd tries for Home, SAFE, no throw
|
Pitching: LHP Roberto Mercado
|
|
Batting: LHB Cisco Gallegos
|
0-0: Ball 1-0: Swinging Strike 1-1: Fly out, F4 (Popup, 4M)
|
Batting: LHB José Guillén
|
0-0: Called Strike 0-1: Called Strike 0-2: Ball 1-2: Ball 2-2: Ball 3-2: Foul Ball, location: 2F 3-2: Ground out 6-3 (Groundball, 6)
|
Bottom of the 7th over - 1 run, 3 hits, 0 errors, 2 left on base; El Paso 5 - Beaverton 5 |
TOP OF THE 8TH |
El Paso Texans batting - Pitching for Beaverton Bronze Souls : LHP Pedro Echevarría
|
Batting: RHB Stephen Black
|
0-0: Ball 1-0: Called Strike 1-1: Called Strike 1-2: Ball 2-2: Strikes out looking
|
Batting: SHB António Cervantes
|
0-0: Ball 1-0: Ball 2-0: Called Strike 2-1: Foul Ball, location: 2F 2-2: Ball 3-2: SINGLE (Flyball, 78S)
|
Batting: LHB António Fonseca
|
0-0: Ball 1-0: SINGLE (Groundball, 6D) António Cervantes to second
|
Batting: SHB Oliver Riley
|
0-0: Swinging Strike 0-1: Ball 1-1: Called Strike 1-2: Foul Ball, location: 2F 1-2: Strikes out swinging
|
Batting: RHB Rafael Crus
|
0-0: Ball 1-0: Foul Ball, location: 2F 1-1: Ground out 4-3 (Groundball, 4)
|
Top of the 8th over - 0 runs, 2 hits, 0 errors, 2 left on base; El Paso 5 - Beaverton 5 |
BOTTOM OF THE 8TH |
Beaverton Bronze Souls batting - Pitching for El Paso Texans : LHP Roberto Mercado
|
Batting: RHB Júlio Rodríguez
|
0-0: Ball 1-0: Foul Ball, location: 2F 1-1: Called Strike 1-2: Strikes out swinging
|
Batting: RHB Steve Smith
|
0-0: Swinging Strike 0-1: Ball 1-1: Swinging Strike 1-2: Foul Ball, location: 2F 1-2: Strikes out swinging
|
Batting: RHB Dan Cross
|
0-0: Ball 1-0: Called Strike 1-1: Ball 2-1: Called Strike 2-2: SOLO HOME RUN (Flyball, 78XD), Distance : 397 ft
|
Batting: SHB Alberto Sandoval
|
0-0: Ball 1-0: Called Strike 1-1: Called Strike 1-2: Ball 2-2: SINGLE (Line Drive, 5D)
|
Pinch Hitting: RHB José Dávila
|
0-0: Ball 1-0: Called Strike 1-1: Ball 2-1: Foul Ball, location: 2F 2-2: Strikes out swinging
|
Bottom of the 8th over - 1 run, 2 hits, 0 errors, 1 left on base; El Paso 5 - Beaverton 6 |
TOP OF THE 9TH |
El Paso Texans batting - Pitching for Beaverton Bronze Souls : LHP Pedro Echevarría
|
Now in CF: Rodrigo Pérez
|
|
Batting: RHB Domingo Morales
|
0-0: Called Strike 0-1: Ball 1-1: Ground out 5-3 (Groundball, 56)
|
Batting: RHB Chris Smith
|
0-0: Ball 1-0: Ball 2-0: Called Strike 2-1: Ball 3-1: Called Strike 3-2: Strikes out looking
|
Batting: RHB Manny Holguín
|
0-0: Ball 1-0: Ball 2-0: Called Strike 2-1: Foul Ball, location: 2F 2-2: Foul Ball, location: 2F 2-2: Foul Ball, location: 2F 2-2: SINGLE (Groundball, 6MD)
|
Pinch Hitting: LHB Ramón Ortega
|
0-0: Ball 1-0: Ball 2-0: Reached on error, E4 (Groundball, 4) Manny Holguín to second
|
Batting: RHB Stephen Black
|
0-0: Called Strike 0-1: Ball 1-1: Foul Ball, location: 2F 1-2: Strikes out looking
|
Top of the 9th over - 0 runs, 1 hit, 1 error, 2 left on base; El Paso 5 - Beaverton 6 |
|